 Dungeon Crawl Stone Soup version 0.18.1-6-gd335043 (webtiles) character file.

132 mindo the Chiller (level 4, -2/24 HPs)
             Began as a Deep Elf Ice Elementalist on May 20, 2016.
             Slain by a white imp (3 damage)
             ... summoned by Natasha
             ... on level 3 of the Dungeon.
             The game lasted 00:19:00 (2419 turns).

mindo the Chiller (Deep Elf Ice Elementalist)       Turns: 2419, Time: 00:19:01

Health: -2/24      AC:  0    Str:  5    XL:     4   Next: 92%
Magic:  2/12       EV: 13    Int: 21    God:
Gold:   105        SH:  0    Dex: 15    Spells: 3 memorised, 4 levels left

rFire  . . .     SeeInvis .     m - +0 flail
rCold  + . .     Gourm    .     (no armour)
rNeg   . . .     Faith    .     (no shield)
rPois  .         Spirit   .     (no helmet)
rElec  .         Dismiss  .     (no cloak)
rCorr  .         Reflect  .     (no gloves)
SustAt .         Harm     .     (no boots)
MR     .....                    (no amulet)
Stlth  ++........               (no ring)
                                r - ring of protection from cold

@: not resistant to hostile enchantments, unstealthy
A: no striking features
a: no special abilities


You were on level 3 of the Dungeon.
You were not hungry.

You visited 1 branch of the dungeon, and saw 3 of its levels.

You collected 105 gold pieces.

Inventory:

Hand Weapons
 d - a +0 dagger
 k - a +0 short sword
 m - a +0 flail (weapon)
Armour
 a - a +0 robe
 o - a +0 leather armour
Jewellery
 r - a ring of protection from cold (left hand)
Scrolls
 g - a scroll of identify
 i - a scroll of noise
 n - a scroll of magic mapping {unknown}
 p - a scroll of remove curse {unknown}
 q - a scroll of fog {unknown}
Potions
 f - a potion of magic {unknown}
 h - a potion of ambrosia {unknown}
Books
 b - a book of Frost

   Spells                             Type                      Level
   a - Freeze                         Ice                          1
   b - Throw Frost                    Conjuration/Ice              2
   c - Ozocubu's Armour               Charms/Ice                   3
   d - Throw Icicle                   Conjuration/Ice              4
   e - Summon Ice Beast               Ice/Summoning                4
Comestibles
 l - a bread ration


   Skills:
 + Level 0.2 Fighting
 + Level 3.2 Dodging
 + Level 2.8 Stealth
 + Level 4.6 Spellcasting
 + Level 1.3 Conjurations
 + Level 4.7 Ice Magic


You had 4 spell levels left.
You knew the following spells:

 Your Spells              Type           Power        Failure   Level  Hunger
a - Freeze                Ice            ###.         1%          1    None
b - Ozocubu's Armour      Chrm/Ice       ##......     14%         3    ##.....
c - Throw Icicle          Conj/Ice       ###.....     34%         4    ####...


Dungeon Overview and Level Annotations

Branches:
Dungeon (3/15)

Altars:
Nemelex Xobeh

Annotations:
D:3 Natasha


Message History

You don't know that spell.
As you read the scroll labeled ARIMPU VIDO, it crumbles to dust.
It is a scroll of identify.
Identify which item? (\ to view known items) (? for menu, Esc to quit)
i - a scroll of noise The crimson imp grins evilly.
The crimson imp hits you. The white imp gestures at you.
The puff of frost hits you! You resist.
* * * LOW HITPOINT WARNING * * *
Identify which item? (\ to view known items) (? for menu, Esc to quit)
As you read the scroll of identify, it crumbles to dust.
j - a scroll of immolation The crimson imp hits you.
* * * LOW HITPOINT WARNING * * *
The white imp barely misses you.
As you read the scroll of immolation, it crumbles to dust.
The creatures around you are filled with an inner flame!
The crimson imp misses you. The white imp hits you.
You die...

. ..# #. #.##.##.######
#.#####........ ...#
#.......##.#..####.####
##.......##.#..##.....<.
.........##.#..#........
#............#........
#.......#.#>......##.#
#@5...........##.#
#5#.#.##.#†##.##.#
#5.........##.##.#
#........##.####.##.#
#%.......##.# #.##..
#........##.. .#
.....h....##.#
..##.####.###.# ..# #.
.# #$


You could see Natasha (inner flame), a crimson imp, a white imp and a shadow
imp.

Vanquished Creatures
  Natasha (D:3)
  A gnoll (D:1)
  4 adders (D:2)
  2 oozes (D:1)
  2 worms (D:2)
  An orc (D:3)
  4 giant cockroaches
  4 goblins
  10 hobgoblins
  4 kobolds
  2 quokkas (D:2)
  2 bats
  3 giant newts
  6 rats
46 creatures vanquished.

Notes
Turn   | Place    | Note
--------------------------------------------------------------
     0 | D:1      | mindo the Deep Elf Ice Elementalist began the quest for the Orb.
     0 | D:1      | Reached XP level 1. HP: 10/10 MP: 6/6
   148 | D:1      | Reached XP level 2. HP: 15/15 MP: 5/8
   514 | D:1      | Reached XP level 3. HP: 18/19 MP: 7/9
   522 | D:1      | Learned a level 3 spell: Ozocubu's Armour
   832 | D:1      | Found a sparkling altar of Nemelex Xobeh.
  1308 | D:2      | Reached XP level 4. HP: 24/24 MP: 6/11
  1314 | D:2      | Learned a level 4 spell: Throw Icicle
  2305 | D:3      | Noticed Natasha
  2332 | D:3      | Killed Natasha
  2400 | D:3      | Noticed Natasha
  2418 | D:3      | HP: 1/24 [crimson imp[Natasha] (4)]
  2419 | D:3      | Slain by a white imp

Skill      XL: |  1  2  3  4 |
---------------+-------------+-----
Ice Magic      | 4 |  4.7
Spellcasting   | 4 |  4.6
Dodging        | 3 |  3.2
Fighting       | |  0.2
Stealth        | |  2.8
Conjurations   | |  1.3

Action                   |  1- 3 |  4- 6 || total
-------------------------+-------+-------++-------
Melee: Dagger            |     3 |       ||     3
       Short sword       |     1 |    24 ||    25
       Flail             |       |     7 ||     7
 Cast: Freeze            |    47 |     9 ||    56
       Ozocubu's Armour  |     1 |       ||     1
       Throw Icicle      |       |    17 ||    17
  Use: Scroll            |       |     4 ||     4
       Potion            |       |     2 ||     2
  Eat: Bread ration      |     1 |       ||     1
       Meat ration       |       |     1 ||     1
Armor: Robe              |     4 |    11 ||    15
Dodge: Dodged            |    17 |    37 ||    54
